 Dungeon Crawl Stone Soup version bcrawl-1.21.2-1-g32d02e0829 (webtiles) character file.

Game seed: 9722249414126802170

7442 Mrkan the Fighter (level 10, 0/106 HPs)
             Began as a Troll Fighter on Feb 23, 2020.
             Was a Believer of Ru.
             Slain by a yak (8 damage)
             ... on level 9 of the Dungeon.
             The game lasted 00:14:31 (7011 turns).

Mrkan the Fighter (Troll Fighter)                   Turns: 7011, Time: 00:14:31

Health: 0/106      AC:  4    Str: 29    XL:     10   Next: 93%
Magic:  9/9        EV: 10    Int:  5    God:    Ru [**....]
Gold:   542        SH: 11    Dex:  9    Spells: 9/9 levels left

rFire    . . .     SeeInvis .     - Unarmed
rCold    . . .     Gourm    +   a - +0 shield
rNeg     . . .     Faith    .   (armour unavailable)
rPois    .         Spirit   .   (helmet restricted)
rElec    .         Reflect  .   l - +0 cloak
rCorr    .         Harm     .   (gloves unavailable)
MR       .....                  (boots unavailable)
Stlth    +.........             (no amulet)
HPRegen  0.67/turn              (no ring)
MPRegen  0.11/turn              (no ring)

@: lightly drained
A: large, almost no armour, unfitting armour, claws 3, fast metabolism 3,
gourmand, regeneration 1, no conjurations magic, no ice magic, no necromancy
magic, reduced AC 1, AC +8
a: Renounce Religion


You were on level 9 of the Dungeon.
You worshipped Ru.
Ru was pleased with you.
You were not hungry.

You visited 2 branches of the dungeon, and saw 10 of its levels.

You collected 542 gold pieces.

Inventory:

Hand Weapons
 o - the +8 dagger of Departure {pierce, MP+9 Int+4, unknown}
   (You found it on level 5 of the Dungeon)

   It inflicts extra damage upon your enemies.
   It affects your intelligence (+4).
   It affects your magic capacity (+9).
 w - a +3 dire flail
 B - a +0 morningstar
Missiles
 C - 2 throwing nets (quivered) {!f}
Armour
 a - a +0 shield (worn)
 l - a +0 cloak (worn)
Jewellery
 d - an uncursed ring of resist corrosion {unknown}
 f - an uncursed ring of flight
Wands
 p - a wand of acid (8)
 s - a wand of polymorph (6)
 y - a wand of scattershot (6)
 z - a wand of paralysis (7)
Scrolls
 c - 3 scrolls of amnesia {unknown}
 g - 12 scrolls of identify {unknown}
 i - 2 scrolls of blinking {unknown}
 j - 6 scrolls of teleportation {unknown}
 n - a scroll of magic mapping {unknown}
 q - a scroll of remove curse {unknown}
 r - 2 scrolls of immolation {unknown}
 t - a scroll of summoning {unknown}
 u - a scroll of enchant weapon {unknown}
 x - a scroll of noise {unknown}
 D - a scroll of enchant armour {unknown}
Potions
 b - 2 potions of might
 h - 4 potions of curing {unknown}
 k - 2 potions of flight {unknown}
 m - 2 potions of ambrosia {unknown}
 v - 2 potions of lignification {unknown}
 A - a potion of berserk rage {unknown}
 E - a potion of mutation {unknown}
Comestibles
 e - 12 rations {!d}


   Skills:
 + Level 8.6(8.5) Fighting
 - Level 2.4(2.3) Dodging
 * Level 8.5(8.4) Shields
 - Level 7.8(7.7) Unarmed Combat


You had 9 spell levels left.
You didn't know any spells.
Your spell library was empty.

Dungeon Overview and Level Annotations

Branches:
Dungeon (9/12)             Temple (1/1) D:5            Lair (0/6) D:8
    Orc (0/1) D:8

Altars:
Ashenzari
Cheibriados
Dithmenos
Elyvilon
Fedhas
Hepliaklqana
Kikubaaqudgha
Lugonu
Okawaru
Qazlal
Ru
Sif Muna
Trog
Uskayaw
Vehumet
Wu Jian
Xom
Zin
The Shining One
Beogh

Shops:
D:7 (

Annotations:
D:6 exclusion: statue


Innate Abilities, Weirdness & Mutations

You cannot wear most types of armour.
Your thick skin is tough. (AC +8)
You are too large for most types of armour.
You have claws for hands.
Your metabolism is lightning-fast.
You like to eat raw meat.
Your natural rate of healing is unusually fast.
You cannot study or cast Conjurations magic.
You cannot study or cast Ice magic.
You cannot study or cast Necromancy magic.
You take slightly more damage. (AC -5)


Message History

The yak gores you!
You mangle the yak!!
You kill the yak!
You claw the yak!
The yak is moderately wounded.
You block the yak's attack.
The orc warrior hits you from afar with a +0 halberd!
You closely miss the yak.
The yak is moderately wounded.
The yak gores you!
You claw the yak!
The yak is severely wounded.
The orc warrior hits you from afar with a +0 halberd!
* * * LOW HITPOINT WARNING * * *
The yak gores you!
* * * LOW HITPOINT WARNING * * *
You scratch the yak.
The yak is severely wounded.
The orc warrior closely misses you. The yak gores you!
You die...

......# #...#
##.....##.###
#......####
###.))....#
#....##$##
##.......####
...#####..##$......
...<..).oY##.......
...####.aaY@.......
#.Yo#####.###
.....### .# .###.#
... ##.# #.#


You could see 3 yaks, an orc warrior, 2 worker ants and an orc.

Vanquished Creatures
  A two-headed ogre (D:8)
  Pikel (D:4)
  An ugly thing (D:8)
  A troll (D:8)
  Sigmund (D:3)
  3 yaks (D:9)
  A wyvern (D:8)
  2 hungry ghosts (D:9)
  6 orc warriors
  A slave (D:4)
  2 sky beasts
  3 ice beasts
  A necrophage (D:7)
  2 phantoms
  5 centaurs
  3 ogres
  3 bullfrogs
  2 big kobolds
  A water moccasin skeleton (D:8)
  2 scorpions
  11 wights
  5 howler monkeys
  5 crimson imps
  A quasit (D:8)
  A bullfrog zombie (D:7)
  2 centaur zombies
  2 jellies
  5 orc priests
  2 hounds
  Crazy Yiuf (D:2)
  2 orc wizards (D:6)
  A bullfrog skeleton (D:4)
  Ijyb (D:4)
  Natasha (D:3)
  4 iguanas
  7 worker ants
  A worker ant zombie (D:8)
  5 gnolls
  13 adders
  2 shadow imps
  An ooze (D:4)
  5 worms
  4 dart slugs
  9 leopard geckos
  31 orcs
  6 giant cockroaches
  6 goblins
  4 hobgoblins
  13 jackals
  4 quokkas
  4 bats
  3 frilled lizards
  A jackal zombie (D:5)
  14 kobolds
  3 rats
222 creatures vanquished.

Notes
Turn   | Place    | Note
-------+----------+-------------------------------------------
     0 | D:1      | Mrkan the Troll Fighter began the quest for the Orb.
     0 | D:1      | Reached XP level 1. HP: 22/22 MP: 0/0
   170 | D:1      | Reached XP level 2. HP: 29/29 MP: 1/1
   803 | D:2      | Reached XP level 3. HP: 36/36 MP: 2/2
   811 | D:2      | Found a runed door.
  1556 | D:2      | Noticed Crazy Yiuf
  1564 | D:2      | Killed Crazy Yiuf
  1564 | D:2      | Gained mutation: Your natural rate of healing is unusually
                  | fast. [Troll growth]
  1564 | D:2      | Reached XP level 4. HP: 31/45 MP: 1/3
  1774 | D:3      | Noticed a centaur
  1782 | D:3      | Killed a centaur
  1782 | D:3      | Reached XP level 5. HP: 35/53 MP: 4/4
  1890 | D:3      | Noticed Sigmund
  1907 | D:3      | Killed Sigmund
  1907 | D:3      | Reached skill level 5 in Unarmed Combat
  1907 | D:3      | Reached XP level 6. HP: 32/62 MP: 5/5
  2025 | D:3      | Noticed Natasha
  2038 | D:3      | Killed Natasha
  2054 | D:3      | Found a faded altar of an unknown god.
  2054 | D:3      | Found a faded altar of an unknown god.
  2068 | D:3      | Found a snail-covered altar of Cheibriados.
  2108 | D:3      | Found a shimmering altar of Xom.
  2112 | D:3      | Found a glowing golden altar of the Shining One.
  2276 | D:3      | Reached XP level 7. HP: 70/70 MP: 6/6
  2478 | D:4      | Found an ancient bone altar of Kikubaaqudgha.
  2720 | D:4      | Reached skill level 5 in Fighting
  2845 | D:4      | Reached XP level 8. HP: 80/80 MP: 7/7
  2865 | D:4      | Noticed Ijyb
  2878 | D:4      | Killed Ijyb
  3094 | D:4      | Noticed Pikel
  3109 | D:4      | Killed Pikel
  3209 | D:5      | Entered Level 5 of the Dungeon
  3282 | D:5      | Got a slimy dagger
  3563 | D:5      | Found a staircase to the Ecumenical Temple.
  3660 | Temple   | Entered the Ecumenical Temple
  3682 | Temple   | Became a worshipper of Ru the Awakened
  4031 | D:6      | Reached XP level 9. HP: 83/89 MP: 8/8
  4206 | D:6      | Found a stormy altar of Qazlal.
  4312 | D:6      | Reached skill level 5 in Shields
  4810 | D:6      | Found an iron altar of Okawaru.
  4847 | D:6      | Found a radiant altar of Vehumet.
  4912 | D:7      | Found a corrupted altar of Lugonu.
  4940 | D:7      | Gained mutation: You take slightly more damage. (AC -5) [Ru
                  | sacrifice]
  4940 | D:7      | Reached * piety under Ru
  5108 | D:7      | Found a shattered altar of Ashenzari.
  5123 | D:7      | Found Ytip's Antique Weapon Shoppe.
  5334 | D:7      | Found a shimmering blue altar of Sif Muna.
  5334 | D:7      | Found a blossoming altar of Fedhas.
  5334 | D:7      | Found a shadowy altar of Dithmenos.
  5642 | D:8      | Found a staircase to the Lair.
  5875 | D:8      | Noticed a brown ugly thing
  5888 | D:8      | Killed a brown ugly thing
  5888 | D:8      | Reached XP level 10. HP: 64/102 MP: 9/9
  5986 | D:8      | Found a roughly hewn altar of Beogh.
  5986 | D:8      | Found a staircase to the Orcish Mines.
  6038 | D:8      | HP: 1/102 [orc priest/divine providence (13)]
  6322 | D:8      | Noticed a two-headed ogre
  6329 | D:8      | Killed a two-headed ogre
  6702 | D:8      | Gained mutation: You cannot study or cast Ice magic. [Ru
                  | sacrifice]
  6702 | D:8      | Gained mutation: You cannot study or cast Necromancy magic.
                  | [Ru sacrifice]
  6702 | D:8      | Gained mutation: You cannot study or cast Conjurations
                  | magic. [Ru sacrifice]
  6702 | D:8      | Reached ** piety under Ru
  6705 | D:8      | Found a glowing silver altar of Zin.
  7011 | D:9      | Slain by a yak

Skill      XL: |  1  2  3  4  5  6  7  8  9 10 |
---------------+-------------------------------+-----
Unarmed Combat | 3 4 5 6 7 |  7.8
Fighting       | 3 4 5 6 7 8 |  8.6
Shields        | 4 6 8 |  8.5
Dodging        | |  2.4

Action                   |  1- 3 |  4- 6 |  7- 9 | 10-12 || total
-------------------------+-------+-------+-------+-------++-------
Melee: Unarmed           |    92 |    97 |   367 |   183 ||   739
Invok: Sacrifice Health  |       |       |     1 |       ||     1
       Sacrifice Arcana  |       |       |       |     1 ||     1
 Stab: Sleeping          |       |       |     1 |       ||     1
  Eat: Chunk             |     8 |    12 |    19 |     8 ||    47
Armor: Skin              |    37 |    31 |   120 |    21 ||   209
Dodge: Dodged            |    35 |    32 |   127 |    42 ||   236
Block: Shield            |    39 |    30 |   196 |    89 ||   354
